 Dungeon Crawl Stone Soup version 0.28-a0-845-gfc338a8e3c (webtiles) character file.

Game seed: 10309343491830312325

2053 cheechan the Covert (level 9, -1/62 HPs)
             Began as an Octopode Monk on Nov 12, 2021.
             Was an Initiate of Ashenzari.
             Slain by a sky beast (2 damage)
             ... on level 7 of the Dungeon.
             The game lasted 00:23:53 (4625 turns).

cheechan the Covert (Octopode Monk)                 Turns: 4625, Time: 00:23:54

Health: -1/62      AC:  1    Str: 11    XL:     9   Next: 25%
Magic:  9/9        EV: 16    Int: 13    God:    Ashenzari [......]
Gold:   224        SH:  5    Dex: 22    Spells: 8/8 levels left

rFire   + . .      SeeInvis .   n - +3 spear (vamp)
rCold   + . .      Faith    .   d - +0 buckler
rNeg    + . .      Spirit   .   (helmet restricted)
rPois   +          Reflect  .   (no amulet)
rElec   +          Harm     .   b - +4 ring of slaying
rCorr   +          Rampage  .   h - ring of positive energy
Will    .....                   u - +6 ring of dexterity
Stlth   ++++++....              (no ring)
HPRegen 0.20/turn               (no ring)
MPRegen 0.11/turn               (no ring)
                                (no ring)
                                (no ring)

@: resistant
A: almost no armour, amphibious, 8 rings, camouflage 1, gelatinous body 1,
(nimble swimmer 1), tentacles
a: Renounce Religion, Curse Item


You were on level 7 of the Dungeon.
You worshipped Ashenzari.
Ashenzari was noncommittal.
You visited 2 branches of the dungeon, and saw 8 of its levels.

You collected 224 gold pieces.

Inventory:

Hand Weapons
 j - a +0 shortbow
 n - a +3 vampiric spear (weapon)
 o - a +2 vorpal flail
 r - a +1 vampiric battleaxe
 s - a +1 vampiric dagger
 y - a +2 whip of venom
Missiles
 f - 117 sling bullets
 l - 20 poisoned darts
 m - 5 boomerangs (quivered)
 t - 53 arrows
 x - 3 boomerangs of dispersal
 C - 23 bolts
Armour
 d - a +0 buckler (worn)
Jewellery
 b - a +4 ring of slaying (left tentacle)
 h - a ring of positive energy (right tentacle)
 u - a +6 ring of dexterity (on tentacle)
Scrolls
 a - a scroll of teleportation
 A - a scroll of amnesia
 B - a scroll of holy word
Potions
 c - a potion of haste
 g - a potion of attraction {unknown}
 k - 2 potions of invisibility {unknown}
 p - a potion of brilliance {unknown}
 q - a potion of lignification {unknown}
 w - a potion of flight {unknown}
 z - a potion of mutation {unknown}


   Skills:
 + Level 5.7 Fighting
 + Level 4.8 Short Blades
 + Level 5.7 Polearms
 + Level 1.2 Throwing
 + Level 5.0 Dodging
 + Level 9.6 Stealth
 + Level 2.0 Shields


You had 8 spell levels left.
You didn't know any spells.
Your spell library contained the following spells:

 Spells                   Type           Power      Damage    Failure   Level
 Freezing Cloud           Conj/Ice/Air   0%         6-21      100%        5
 Simulacrum               Ice/Necr       0%         N/A       100%        6
 Polar Vortex             Ice            0%         N/A       100%        9


Dungeon Overview and Level Annotations

Branches:
Dungeon (7/15)             Temple (1/1) D:6

Altars:
Ashenzari
Cheibriados
Dithmenos
Elyvilon
Fedhas
Gozag
Hepliaklqana
Kikubaaqudgha
Makhleb
Nemelex Xobeh
Okawaru
Qazlal
Ru
Sif Muna
Trog
Uskayaw
Vehumet
Wu Jian
Xom
Yredelemnul
Zin
The Shining One

Shops:
D:2 :


Innate Abilities, Weirdness & Mutations

You cannot wear most types of armour.
You are amphibious.
You can wear up to eight rings at the same time.
Your skin changes colour to match your surroundings (Stealth+).
Your rubbery body absorbs attacks. (AC +1, EV +1)
((You are camouflaged near water. (Stealth+)))
You have tentacles for arms and can constrict up to eight enemies at once.


Message History

You kill the gnoll!
You constrict the howler monkey zombie. The howler monkey zombie hits you.
You hit the howler monkey zombie.
The howler monkey zombie is severely damaged.
You constrict the howler monkey zombie.
You hit the howler monkey zombie but do no damage.
The howler monkey zombie is almost destroyed.
You constrict the howler monkey zombie.
The howler monkey zombie closely misses you.
You puncture the howler monkey zombie!
You destroy the howler monkey zombie!
You hit something.
You feel better.
You squeeze something. Something hits you. Something shocks you.
* * * LOW HITPOINT WARNING * * *
Reach: n) +3 spear (vamp)
Press: ? - help, Dir - move target, f - gnoll
Aim: a gnoll, wielding a +0 whip (severely wounded, about 24% to evade your +3 vampiric spear)
Something you can't see is in the way.
You hit something. Something hits you.
* * * LOW HITPOINT WARNING * * *
Something shocks you.
* * * LOW HITPOINT WARNING * * *
You completely miss something. Something hits you.
* * * LOW HITPOINT WARNING * * *
Something shocks you.
* * * LOW HITPOINT WARNING * * *
You feel better.
You hear a distant slurping noise.
Something hits you.
* * * LOW HITPOINT WARNING * * *
Something shocks you.
* * * LOW HITPOINT WARNING * * *
You feel better. Something hits you.
* * * LOW HITPOINT WARNING * * *
Something shocks you.
* * * LOW HITPOINT WARNING * * *
Okay, then.
It was a potion of resistance.
You feel protected. Something hits you.
You die...

##........
#.........
#####.#..##...
##.....#....... .
#..............
..##.....#........
........##........
.........#.....>..
.[......g{@)......
.........###......
........## #.....
.#.....## .....
....... ....?
....... ....
.##..#. ... .[....
.#.. ..


You could see a gnoll.

Vanquished Creatures
  Pikel (D:7)
  Edmund (D:4)
  2 black bears
  A sky beast (D:6)
  An ice beast (D:5)
  An ogre (D:5)
  A kobold brigand (D:6)
  A phantom (D:5)
  Blork the orc (D:4)
  2 scorpions (D:4)
  A wyvern skeleton (D:6)
  A water moccasin skeleton (D:6)
  2 bullfrog zombies (D:6)
  3 hounds
  4 jellies
  A centaur skeleton (D:4)
  3 iguanas
  Natasha (twice) (D:3)
  A killer bee zombie (D:5)
  A hound zombie (D:5)
  A howler monkey zombie (D:7)
  4 gnolls
  4 adders
  2 ufetubi (D:4)
  2 worms
  2 dart slugs (D:2)
  6 orcs
  3 endoplasms
  2 giant cockroaches
  3 goblins
  5 hobgoblins
  9 kobolds
  3 quokkas
  6 ball pythons
  5 bats
  A frilled lizard (D:2)
  2 rats
91 creatures vanquished.

Vanquished Creatures (others)
  11 fungi (D:4)
11 creatures vanquished.

Grand Total: 102 creatures vanquished

Notes
Turn   | Place    | Note
-------+----------+-------------------------------------------
     0 | D:1      | cheechan the Octopode Monk began the quest for the Orb.
     0 | D:1      | Reached XP level 1. HP: 16/16 MP: 1/1
   250 | D:1      | Found a faded altar of an unknown god.
   259 | D:1      | Reached XP level 2. HP: 20/21 MP: 2/2
   739 | D:2      | Found Dagipabb's Book Shop.
   776 | D:2      | Reached skill level 3 in Stealth
   889 | D:2      | Reached XP level 3. HP: 20/26 MP: 3/3
  1333 | D:3      | Noticed Natasha
  1338 | D:3      | Killed Natasha
  1339 | D:3      | Reached XP level 4. HP: 24/32 MP: 4/4
  1595 | D:3      | Noticed Natasha
  1602 | D:3      | Killed Natasha
  1603 | D:3      | Reached skill level 4 in Stealth
  1762 | D:3      | Found a shimmering blue altar of Sif Muna.
  1762 | D:3      | Found an ornate altar of the Wu Jian Council.
  1762 | D:3      | Found a stormy altar of Qazlal.
  1762 | D:3      | Found a sparkling altar of Nemelex Xobeh.
  1768 | D:3      | Found a hazy altar of Hepliaklqana.
  1768 | D:3      | Found a shadowy altar of Dithmenos.
  1869 | D:3      | Found a radiant altar of Vehumet.
  1968 | D:4      | Noticed Edmund
  1980 | D:4      | Killed Edmund
  1981 | D:4      | Reached XP level 5. HP: 37/37 MP: 5/5
  2012 | D:4      | Reached skill level 1 in Polearms
  2012 | D:4      | Reached skill level 5 in Stealth
  2012 | D:4      | Reached XP level 6. HP: 43/43 MP: 6/6
  2438 | D:4      | Noticed Blork the orc
  2446 | D:4      | Killed Blork the orc
  2478 | D:4      | Reached skill level 1 in Shields
  2478 | D:4      | Reached XP level 7. HP: 39/48 MP: 7/7
  2651 | D:4      | Reached skill level 6 in Stealth
  2866 | D:5      | Entered Level 5 of the Dungeon
  3231 | D:5      | Reached skill level 7 in Stealth
  3231 | D:5      | Reached XP level 8. HP: 54/54 MP: 8/8
  3639 | D:6      | Reached skill level 8 in Stealth
  3671 | D:6      | Reached skill level 5 in Fighting
  3898 | D:6      | Reached skill level 9 in Stealth
  3940 | D:6      | Identified the +1 robe "Ijanoh" {rN+}
  4012 | D:6      | Reached skill level 5 in Polearms
  4031 | D:6      | Found a staircase to the Ecumenical Temple.
  4040 | Temple   | Entered the Ecumenical Temple
  4274 | Temple   | Became a worshipper of Ashenzari the Shackled
  4591 | D:7      | Noticed Pikel
  4607 | D:7      | HP: 2/55 [Pikel (11)]
  4610 | D:7      | Killed Pikel
  4611 | D:7      | Reached skill level 1 in Throwing
  4611 | D:7      | Reached skill level 5 in Dodging
  4611 | D:7      | Reached XP level 9. HP: 19/61 MP: 9/9
  4623 | D:7      | HP: 3/62 [something (6)]
  4624 | D:7      | HP: 1/62 [something (5)]
  4625 | D:7      | Slain by a sky beast

Illustrated notes

Levels and vault maps discovered:
D:1:      ebering_trefoil_twist, layout_loops_cross,
          hellmonk_ecumenical_altar_run_dry, hangedman_decor_slide_cut,
          chequers_serial_rivers_small_b
D:2:      layout_rooms, serial_glass, glass_columns_b, glass_columns_a,
          glass_columns_a, glass_columns_b, glass_columns_b, glass_columns_b,
          glass_columns_a, glass_columns_a, glass_columns_b, glass_columns_b,
          serial_shops, shop
D:3:      layout_basic, minmay_overflow_temple_hex, old_standard_altar,
          nrook_mini_backslash, hex_large, st_stairs_3, uniq_natasha
D:4:      layout_basic, serial_aquarium, aquarium_bridge_long_joined
          [aquarium_subvault_bridge, aquarium_subvault_bridge,
          aquarium_subvault_window, aquarium_subvault_wall,
          aquarium_subvault_window, aquarium_subvault_bridge],
          aquarium_bridge_square [aquarium_subvault_bridge,
          aquarium_subvault_balcony, aquarium_subvault_wall,
          aquarium_subvault_wall], aquarium_window_1, aquarium_window_3,
          aquarium_window_corner, aquarium_view_2d, uniq_blork_the_orc,
          uniq_edmund
D:5:      layout_loops_ring, kennysheep_boxes
D:6:      layout_cave_pools, lemuel_temple_firewalk_b,
          kennysheep_cross_bottleneck
D:7:      layout_cave_pools, serial_gnoll_camp, gnoll_camp_mini_shop,
          gnoll_camp_mini_loothouse, gnoll_camp_mini_basic,
          gnoll_camp_mini_shop, gnoll_camp_mini_sergeant, uniq_harold,
          uniq_maggie, uniq_pikel, uniq_menkaure
Temple:   regret_index_temple_waves

Skill      XL: |  1  2  3  4  5  6  7  8 |
---------------+-------------------------+-----
Stealth        | 3 4 5 7 9 |  9.6
Short Blades   | 4 |  4.8
Fighting       | 4 5 |  5.7
Polearms       | 1 3 5 |  5.7
Dodging        | 4 5 |  5.0
Shields        | 1 2 |  2.0
Throwing       | 1 |  1.2

Action                   |  1- 3 |  4- 6 |  7- 9 || total
-------------------------+-------+-------+-------++-------
Melee: Short sword       |    23 |       |       ||    23
       Constrict         |     8 |    14 |    23 ||    45
       Rapier            |    17 |    16 |       ||    33
       Tentacles         |     7 |    12 |    27 ||    46
       Spear             |       |    43 |   119 ||   162
Throw: Boomerang         |       |       |     7 ||     7
  Use: Scroll            |     3 |     5 |     2 ||    10
       Potion            |       |       |     5 ||     5
 Stab: Sleeping          |    11 |     5 |    11 ||    27
       Distracted        |       |     1 |       ||     1
Armor: Skin              |     2 |     2 |     2 ||     6
Dodge: Dodged            |    24 |    30 |    52 ||   106
Block: Buckler           |     6 |     3 |    16 ||    25

Table legend: (Time is in decaauts)
 A = Elapsed time spent in this place.
 B = Non-inter-level travel time spent in this place.
 C = Inter-level travel time spent in this place.
 D = Time resting spent in this place.
 E = Time spent auto-exploring this place.
 F = Levels seen in this place.
 G = Mean time per level.
                   A        B        C        D        E       F      G
               +--------+--------+--------+--------+--------+-----+--------+
         Total |   4627 |   4627 |      0 |    156 |      0 |   8 |  578.4 |
       Dungeon |   4377 |   4377 |      0 |    156 |      0 |   7 |  625.3 |
        Temple |    249 |    249 |      0 |      0 |      0 |   1 |  249.0 |
               +--------+--------+--------+--------+--------+-----+--------+

Top non-repeatable levels by time:
     D:4: 904 daAuts
     D:5: 765 daAuts
     D:1: 737 daAuts
     D:3: 695 daAuts
     D:6: 692 daAuts
     D:2: 535 daAuts
  Temple: 249 daAuts
     D:7: 47 daAuts
